 Dungeon Crawl Stone Soup version 0.32-a0-768-g0f6f1dd4b9 (webtiles) character file.

Game seed: 3653952998017271638

2993 jasper the Cleaver (level 9, 0/52 (58) HPs)
             Began as a Demonspawn Gladiator on Mar 18, 2024.
             Was an Elder of Hepliaklqana.
             Slain by a wight
             ... wielding a +3 halberd
              (8 damage)
             ... on level 7 of the Dungeon.
             The game lasted 00:10:26 (6620 turns).

jasper the Cleaver (Demonspawn Gladiator)           Turns: 6620, Time: 00:10:26

HP:   0/52 (58)     AC: 11    Str: 18    XL:     9   Next: 54%
MP:   15/15         EV: 10    Int: 10    God:    Hepliaklqana [****..]
Gold: 372           SH:  5    Dex: 14    Spells: 8/8 levels left

rFire   . . .        u - +4 battleaxe (elec)
rCold   + . .        (shield currently unavailable)
rNeg    . . .        E - +1 scale mail {rC+}
rPois   .            (helmet restricted)
rElec   .            f - +0 cloak
rCorr   .            (no gloves)
SInv    .            (no boots)
Will    .....        q - amulet of reflection Stlth
                     (no ring)
HPRegen 0.28/turn    (no ring)
MPRegen 0.14/turn

%: reflection
@: heavily drained
A: reduced essence, antennae 2, molten scales 2
a: Renounce Religion, Recall Ancestor, Ancestor Identity, Transference, Idealise


You were on level 7 of the Dungeon.
You worshipped Hepliaklqana.
Hepliaklqana was greatly pleased with you.
You visited 1 branch of the dungeon, and saw 7 of its levels.
You also visited: Sewer.

You collected 372 gold pieces.

Inventory:

Hand Weapons
 u - a +4 battleaxe of electrocution (weapon)
 H - a +0 broad axe of flaming
Missiles
 d - 4 throwing nets (quivered)
 e - a javelin
 o - 29 poisoned darts
 w - a curare-tipped dart
 y - 2 boomerangs
 B - 3 atropa-tipped darts
Armour
 b - a +0 leather armour
 c - a +0 helmet
 f - a +0 cloak (worn)
 h - a +0 scale mail
 n - a scarf of resistance
 p - a +0 chain mail
 r - a +0 plate armour
 E - a +1 scale mail of cold resistance (worn)
 I - +0 steam dragon scales
Jewellery
 q - an amulet of reflection (around neck)
Wands
 s - a wand of acid (8)
 C - a wand of digging (7)
 D - a wand of flame (30)
 F - a wand of paralysis (7)
Scrolls
 g - a scroll of amnesia
 l - a scroll of immolation
 v - 2 scrolls of teleportation
 A - a scroll of vulnerability
 G - 2 scrolls of identify
Potions
 i - 4 potions of curing
 j - a potion of invisibility
 k - 2 potions of brilliance
 m - 5 potions of heal wounds
 t - 2 potions of enlightenment {unknown}
 x - a potion of magic {unknown}
 z - 4 potions of haste


   Skills:
 + Level 3.7 Fighting
 - Level 10.0 Axes
 - Level 1.7 Throwing
 + Level 2.6 Armour
 + Level 3.9 Dodging
 - Level 8.0 Invocations


You had 8 spell levels left.
You didn't know any spells.
Your spell library contained the following spells:

 Spells                   Type           Power      Damage    Failure   Level
 Apportation              Tloc           0%         N/A       77%         1
 Necrotise                Necr           0%         1d4       77%         1
 Slow                     Hex            0%         N/A       77%         1
 Sting                    Conj/Alch      0%         1d3       77%         1
 Summon Small Mammal      Summ           0%         N/A       77%         1
 Call Canine Familiar     Summ           0%         N/A       98%         3
 Confusing Touch          Hex            0%         N/A       98%         3
 Sigil of Binding         Hex            0%         N/A       98%         3
 Tukima's Dance           Hex            0%         N/A       98%         3
 Vampiric Draining        Necr           0%         2d6       98%         3
 Dimensional Bullseye     Hex/Tloc       0%         N/A       100%        4
 Iskenderun's Mystic Bla  Conj/Tloc      0%         2d3       100%        4
 Passage of Golubria      Tloc           0%         N/A       100%        4
 Yara's Violent Unravell  Hex/Alch       0%         3d3       100%        5
 Conjure Ball Lightning   Conj/Air       0%         3x3d6     100%        6
 Sculpt Simulacrum        Ice/Alch       0%         N/A       100%        6
 Ozocubu's Refrigeration  Ice            0%         4d7       100%        7
 Discord                  Hex            0%         N/A       100%        8
 Disjunction              Tloc           0%         N/A       100%        8
 Polar Vortex             Ice            0%         N/A       100%        9


Dungeon Overview and Level Annotations

Branches:
Dungeon (7/15)             Temple (0/1) D:6           Sewer (visited)

Altars:
Cheibriados
Gozag
Hepliaklqana
Qazlal
Xom
Yredelemnul

Annotations:
D:7 3 runed translucent doors, RandomusNamus's ghost, novice TrSh


Innate Abilities, Weirdness & Mutations

Your life essence is reduced to manifest your ancestor. (-10% HP)
You have a pair of antennae on your head.
You are mostly covered in molten scales. (AC +3)


Message History

Iddeapoi loses the glow of perfection.
Ancestor HP restored.
You regained 3 hp, and now have 39/58 hp.
You regained 2 mp, and now have 13/15 mp.
Magic restored.
HP restored.
You pick up a book of the Hunter and begin reading...
You add the spells Sigil of Binding and Call Canine Familiar to your library.
Health restored: 58; MP restored: 15 You now have 372 gold pieces (gained 13).
Found a stone staircase leading up.
You swap places.
There is a stone staircase leading up here.
You swap places.
There is a stone staircase leading up here.
You swap places.
You see here a sky beast corpse.
You see here 9 stones.
You swap places.
A wight comes into view. It is wielding a +1 falchion.
A wight is nearby!
A wight comes into view. It is wielding a +3 halberd.
You swing at nothing.
The wight hits you with a +1 falchion.
You feel drained. You block the wight's attack.
You take 7 damage, and have 51/57 hp.
You hit the wight but do no damage. The wight hits you with a +1 falchion!
You feel drained.
The wight hits you from afar with a +3 halberd!
You feel drained.
You take 28 damage, and have 23/54 hp.
MASSIVE DAMAGE!!
The wight hits you with a +3 halberd!
* * * LOW HITPOINT WARNING * * *
You feel drained.
* * * LOW HITPOINT WARNING * * *
The wight barely misses you.
You take 15 damage, and have 8/52 hp.
MASSIVE DAMAGE!!
You barely miss the wight. x2; Iddeapoi closely misses the wight.
The wight completely misses you. The wight hits you with a +3 halberd!
You die...
Hepliaklqana delivers you to your ancestors.

###.##.......#
#.##..###..#
#.##....#..# #
#.##.##.#..#
###..........#
.#####..#.##.# .##
..###........#######...#
..+............Rz..$....
..#.#......#####@.......
.##.#......# #z.##..#.
###.#..#.#.# #..# { # #
#.#..#.#.# #...
#......#.# #...#{
###......# #...#
##.##### #.... #.#
###.## # #.#


You could see the friendly Iddeapoi the knight and 2 wights.

Vanquished Creatures
  The ghost of hecktor the Shooter, an amateur FoHu (D:3)
  Sigmund (D:4)
  2 sky beasts (D:7)
  An orc warrior (D:7)
  2 ogres
  A centaur (D:5)
  A phantom (D:7)
  4 kobold brigands
  3 killer bees
  A hound (D:5)
  A jelly (D:5)
  2 sleepcaps
  3 iguanas
  An orc wizard (D:7)
  4 gnolls (D:5)
  5 adders
  A white imp (D:4)
  An ufetubus (D:6)
  A ribbon worm (D:3)
  4 dart slugs
  15 orcs
  11 ball pythons
  3 endoplasms
  6 giant cockroaches
  5 goblins
  6 hobgoblins
  2 jackals (D:4)
  11 kobolds
  2 quokkas
  4 bats
  6 frilled lizards
  11 rats
122 creatures vanquished.

Vanquished Creatures (collateral kills)
  Maggie (D:7)
  2 black bears (D:6)
  2 ogres (D:6)
  A centaur (D:7)
  Blork the orc (D:4)
  4 killer bees
  A jelly (D:3)
  A hound (D:6)
  A bombardier beetle (D:6)
  3 orc priests
  An iguana (D:5)
  An orc wizard (D:3)
  2 adders (D:4)
  A white imp (D:6)
  2 orcs (D:3)
  2 ball pythons (D:4)
  An endoplasm (D:3)
  2 giant cockroaches (D:5)
  6 kobolds
  A quokka (D:5)
  4 bats
40 creatures vanquished.

Vanquished Creatures (others)
  A knight (D:3)
1 creature vanquished.

Grand Total: 163 creatures vanquished

Notes
Turn   | Place    | Note
-------+----------+-------------------------------------------
     0 | D:1      | jasper the Demonspawn Gladiator began the quest for the
                  | Orb.
     0 | D:1      | Reached XP level 1. HP: 16/16 MP: 1/1
   165 | D:1      | Reached skill level 3 in Axes
   215 | D:1      | Gained mutation: You have a pair of small antennae on your
                  | head. [demonic ancestry]
   215 | D:1      | Reached XP level 2. HP: 22/22 MP: 2/2
   774 | D:1      | Found a faded altar of an unknown god.
   815 | D:1      | Prayed at the altar of an unknown god.
   815 | D:1      | Became a worshipper of Hepliaklqana the Forgotten
   815 | D:1      | Reached * piety under Hepliaklqana
   916 | D:1      | Gained mutation: You are partially covered in molten
                  | scales. (AC +2) [demonic ancestry]
   916 | D:1      | Reached XP level 3. HP: 24/24 MP: 3/3
  1189 | D:2      | Reached skill level 4 in Axes
  1340 | D:2      | Found a basalt altar of Yredelemnul.
  1962 | D:2      | Reached ** piety under Hepliaklqana
  1963 | D:2      | Remembered your ancestor Iddeapoi as a knight
  2140 | D:3      | Found a runed translucent door.
  2141 | D:3      | Noticed hecktor's ghost (amateur FoHu)
  2154 | D:3      | Reached XP level 4. HP: 21/29 MP: 4/4
  2183 | D:3      | Killed hecktor's ghost
  2184 | D:3      | Reached skill level 6 in Axes
  2184 | D:3      | Reached XP level 5. HP: 3/34 MP: 5/5
  2184 | D:3      | Reached XP level 6. HP: 3/39 MP: 6/6
  2774 | D:3      | Found an opulent altar of Gozag.
  3309 | D:4      | Found a snail-covered altar of Cheibriados.
  3312 | D:4      | Found a shimmering altar of Xom.
  3320 | D:4      | Found a basalt altar of Yredelemnul.
  3399 | D:4      | Found a stormy altar of Qazlal.
  3438 | D:4      | Noticed Blork the orc
  3451 | D:4      | Killed Blork the orc
  3452 | D:4      | Reached skill level 7 in Axes
  3468 | D:4      | Reached *** piety under Hepliaklqana
  3670 | D:4      | Noticed Sigmund
  3675 | D:4      | Killed Sigmund
  3676 | D:4      | Gained mutation: You are mostly covered in molten scales.
                  | (AC +3) [demonic ancestry]
  3676 | D:4      | Reached XP level 7. HP: 43/45 MP: 7/7
  3773 | D:5      | Entered Level 5 of the Dungeon
  3783 | D:5      | Reached skill level 8 in Axes
  4096 | D:5      | Found a glowing drain.
  4107 | Sewer    | Entered a sewer
  4127 | Sewer    | Reached skill level 9 in Axes
  4127 | Sewer    | Reached XP level 8. HP: 50/50 MP: 8/8
  4689 | D:6      | Reached **** piety under Hepliaklqana
  4772 | D:6      | Reached skill level 10 in Axes
  5028 | D:6      | Reached skill level 1 in Invocations
  5378 | D:6      | Reached skill level 5 in Invocations
  5454 | D:6      | Found a staircase to the Ecumenical Temple.
  5667 | D:6      | Gained mutation: You have a pair of antennae on your head.
                  | [demonic ancestry]
  5667 | D:6      | Reached XP level 9. HP: 54/54 MP: 12/14
  6255 | D:7      | Reached ***** piety under Hepliaklqana
  6264 | D:7      | Noticed Maggie
  6282 | D:7      | Killed Maggie
  6283 | D:7      | Reached skill level 1 in Armour
  6318 | D:7      | Found a runed translucent gate.
  6318 | D:7      | Found a runed translucent gate.
  6319 | D:7      | Found a runed translucent gate.
  6319 | D:7      | Noticed RandomusNamus's ghost (novice TrSh)
  6620 | D:7      | Slain by a wight

Illustrated notes

Levels and vault maps discovered:
D:1:      minmay_arrival_four_houses, layout_basic, serial_co_window_serial,
          co_window_corner_a, co_window_paths_a, co_window_paths_a,
          co_window_paths_b, co_window_paths_a, co_window_corner_b,
          co_window_cross_3, co_window_2corner, co_window_paths_c,
          co_window_4corner_a, glass_columns_a, glass_columns_a,
          glass_columns_b, glass_columns_b,
          shapermc_ecumenical_altar_mp_urbaneastern,
          wander_ebering_terrifying_dragon_lair
D:2:      layout_loops_corners, basic_altar
D:3:      layout_loops_corners, grunt_gozag_breadcrumbs,
          ebering_ghost_inner_flame
D:4:      layout_cave_pools, grunt_temple_overflow_open, uniq_sigmund,
          uniq_blork_the_orc
D:5:      layout_loops_cross, portal_sewer_entry_f
D:6:      minmay_general_purpose_star, layout_gridville,
          minmay_temple_entry_large_hall, blue_anna_alchemist
D:7:      layout_loops_corners, ebering_ghost_rock_garden, minivault_26,
          minmay_crossroads, uniq_maggie

Skill      XL: |  1  2  3  4  5  6  7  8  9 |
---------------+----------------------------+-----
Axes           | 3 4 6 7 9 10 | 10.0
Invocations    | 7 8 |  8.0
Armour         | 2 |  2.6
Dodging        | 3 |  3.9
Fighting       | 3 |  3.7
Throwing       | |  1.7

Action                     |  1- 3 |  4- 6 |  7- 9 || total
---------------------------+-------+-------+-------++-------
  Melee: War axe           |   112 |    64 |       ||   176
         Battleaxe         |       |     1 |   146 ||   147
  Throw: Javelin           |       |     1 |       ||     1
         Throwing net      |       |     3 |       ||     3
 Invoke: Ancestor Identity |     1 |       |       ||     1
         Recall Ancestor   |     1 |     1 |       ||     2
         Ancestor Life: Kn |     1 |       |       ||     1
         Idealise          |       |       |     1 ||     1
    Use: Scroll            |     3 |       |    10 ||    13
         Potion            |       |     1 |     1 ||     2
   Stab: Distracted        |       |       |     2 ||     2
 Armour: Leather armour    |    18 |       |       ||    18
         Scale mail        |    72 |    31 |    37 ||   140
         Chain mail        |       |    53 |   112 ||   165
  Dodge: Dodged            |    59 |    30 |    63 ||   152
  Block: Other             |       |       |     5 ||     5

Table legend: (Time is in decaauts)
 A = Elapsed time spent in this place.
 B = Non-inter-level travel time spent in this place.
 C = Inter-level travel time spent in this place.
 D = Time resting spent in this place.
 E = Time spent auto-exploring this place.
 F = Levels seen in this place.
 G = Mean time per level.
                   A        B        C        D        E       F      G
               +--------+--------+--------+--------+--------+-----+--------+
         Total |   6720 |   6598 |    122 |    561 |   4664 |   8 |  840.0 |
       Dungeon |   6501 |   6379 |    122 |    561 |   4581 |   7 |  928.7 |
         Sewer |    218 |    218 |      0 |      0 |     83 |   1 |  218.0 |
               +--------+--------+--------+--------+--------+-----+--------+

Top non-repeatable levels by time:
     D:6: 1295 daAuts
     D:1: 1174 daAuts
     D:3: 1133 daAuts
     D:2: 870 daAuts
     D:5: 726 daAuts
     D:7: 657 daAuts
     D:4: 643 daAuts
   Sewer: 218 daAuts
